 Dungeon Crawl Stone Soup version 0.25.0-46-gbd7b0854d2 (webtiles) character file.

Game seed: 3203029948516187026

1372 protoss039 the Thaumaturge (level 8, -18/41 HPs)
             Began as a Deep Elf Earth Elementalist on July 14, 2020.
             Was an Initiate of Vehumet.
             Killed from afar by Maggie (27 damage)
             ... with an exploding inner flame
             ... hexed by the player character
             ... on level 6 of the Dungeon.
             The game lasted 00:17:41 (7115 turns).

protoss039 the Thaumaturge (DEEE)                   Turns: 7115, Time: 00:17:42

Health: -18/41     AC:  5    Str:  5    XL:     8   Next: 38%
Magic:  13/23      EV: 13    Int: 23    God:    Vehumet [......]
Gold:   273        SH:  5    Dex: 15    Spells: 11/26 levels left

rFire    . . .     SeeInvis +   i - +1 hand axe (freeze)
rCold    + . .     Gourm    .   (no shield)
rNeg     . . .     Faith    .   c - +0 robe
rPois    .         Spirit   .   w - +1 helmet
rElec    .         Reflect  +   v - +0 cloak
rCorr    .         Harm     .   (no gloves)
MR       .....                  (no boots)
Stlth    ++........             k - amulet of reflection
HPRegen  0.13/turn              f - ring of see invisible
MPRegen  0.18/turn              r - ring of protection from cold

@: stab, very slightly contaminated
A: no striking features
a: Renounce Religion


You were on level 6 of the Dungeon.
You worshipped Vehumet.
Vehumet was noncommittal.
You were very hungry.

You visited 2 branches of the dungeon, and saw 7 of its levels.

You collected 273 gold pieces.

Inventory:

Hand Weapons
 i - a +1 hand axe of freezing (weapon)
Missiles
 b - 120 stones (quivered)
Armour
 c - a +0 robe (worn)
 m - a +0 leather armour
 v - a +0 cloak (worn)
 w - a +1 helmet (worn)
 z - the +1 ring mail of Gravity {rC+}
   (You found it on level 4 of the Dungeon)

   It protects you from cold.
Jewellery
 f - a ring of see invisible (left hand)
 k - an amulet of reflection (around neck)
 r - a ring of protection from cold (right hand)
 x - an uncursed amulet of faith {unknown}
Wands
 C - a wand of iceblast (12)
Scrolls
 a - 7 scrolls of remove curse
 g - a scroll of blinking {unknown}
 h - a scroll of random uselessness {unknown}
 j - 2 scrolls of immolation
 l - 2 scrolls of identify
 n - 2 scrolls of magic mapping
 t - 2 scrolls of enchant armour {unknown}
 y - a scroll of amnesia {unknown}
 A - a scroll of enchant weapon {unknown}
 E - 2 scrolls of teleportation {unknown}
Potions
 e - a potion of stabbing
 o - a potion of curing
 p - a potion of heal wounds {unknown}
 q - a potion of haste {unknown}
 s - a potion of might {unknown}
 u - a potion of berserk rage {unknown}
 B - 2 potions of brilliance {unknown}
 F - a potion of degeneration {unknown}
Comestibles
 d - 9 rations


   Skills:
 - Level 3.0 Dodging
 - Level 3.0 Stealth
 + Level 9.8 Spellcasting
 - Level 2.0 Conjurations
 - Level 1.1 Transmutations
 + Level 8.1 Earth Magic


You had 11 spell levels left.
You knew the following spells:

 Your Spells              Type           Power        Failure   Level  Hunger
a - Sandblast             Erth           #####.       1%          1    None
b - Passwall              Tmut/Erth      ####....     1%          2    None
c - Stone Arrow           Conj/Erth      ####..       2%          3    None
d - Petrify               Tmut/Erth      ####....     9%          4    ##.....
e - Lee's Rapid Deconstr  Erth           #####.....   5%          5    ####...

Your spell library contained the following spells:

 Spells                   Type           Power        Failure   Level  Hunger


Dungeon Overview and Level Annotations

Branches:
Dungeon (6/15)             Temple (1/1) D:5

Altars:
Ashenzari
Cheibriados
Dithmenos
Elyvilon
Gozag
Hepliaklqana
Kikubaaqudgha
Nemelex Xobeh
Ru
Sif Muna
Trog
Uskayaw
Vehumet
Wu Jian
Xom
Yredelemnul
Zin
The Shining One
Lugonu

Annotations:
D:5 3 exclusions


Message History

Maggie casts a spell at you. The bolt of fire hits you.
* * * LOW HITPOINT WARNING * * *
Unknown command.
Unknown command.
Casting: Sandblast (safe; 1% risk of failure)
Confirm with . or Enter, or press ? or * to list all spells.
Aiming: Stone Arrow (dangerous; 2% risk of failure)
Press: ? - help, Shift-Dir - straight line, f/p - Maggie
Aim: Maggie, wielding a +0 broad axe of pain and wearing +0 steam dragon scales (severely wounded, mesmerising, inner flame)
The stone arrow hits Maggie!
Flame seeps out of Maggie.
Maggie is almost dead.
You are feeling very hungry.
You block the orc's attack. The orc priest barely misses you.
Maggie is engulfed in blazing flames.
You break out of your daze!
Maggie explodes!
The fiery explosion engulfs you!!
Ouch! That really hurt!
You die...

###########
#.......()#
##........#
##........#...##
#.........#....#
#.........#....#
#@o.......#....#
#o○§(.....#..[.#
##§§.....##....#
##.......##...#
..###.............##..
....................$
###........>....@...
#.................
#.......o.........


You could see an orc priest (inner flame) and an orc (inner flame).

Vanquished Creatures
  A hippogriff (D:4)
  An orc warrior (D:5)
  4 phantoms (D:4)
  An ogre (D:4)
  A bullfrog (D:6)
  4 crimson imps
  A hound (D:4)
  An iguana (D:5)
  3 orc wizards
  5 worker ants
  A worker ant zombie (D:6)
  A howler monkey skeleton (D:4)
  10 adders
  An adder skeleton (D:5)
  6 worms
  A dart slug (D:1)
  5 leopard geckos
  13 orcs
  7 bats
  5 giant cockroaches
  6 goblins
  3 hobgoblins (D:2)
  7 jackals
  2 kobolds
  A quokka (D:4)
  4 ball pythons
  9 frilled lizards
  5 rats
109 creatures vanquished.

Notes
Turn   | Place    | Note
-------+----------+-------------------------------------------
     0 | D:1      | protoss039 the Deep Elf Earth Elementalist began the quest
                  | for the Orb.
     0 | D:1      | Reached XP level 1. HP: 10/10 MP: 6/6
   423 | D:1      | Reached XP level 2. HP: 15/15 MP: 8/8
  1531 | D:1      | Learned a level 2 spell: Passwall
  1569 | D:2      | Found a basalt altar of Yredelemnul.
  1576 | D:2      | Reached XP level 3. HP: 19/19 MP: 7/9
  2044 | D:2      | Reached skill level 4 in Spellcasting
  2167 | D:2      | Reached XP level 4. HP: 20/24 MP: 10/12
  2529 | D:2      | Found a shattered altar of Ashenzari.
  2904 | D:2      | Found a glowing silver altar of Zin.
  2967 | D:2      | Learned a level 3 spell: Stone Arrow
  3527 | D:3      | Found a sacrificial altar of Ru.
  3899 | D:4      | Noticed a phantom
  3922 | D:4      | Killed a phantom
  3922 | D:4      | Reached skill level 5 in Spellcasting
  3922 | D:4      | Reached skill level 5 in Earth Magic
  3922 | D:4      | Reached XP level 5. HP: 18/28 MP: 1/14
  4188 | D:4      | Reached skill level 6 in Spellcasting
  4376 | D:4      | Noticed an ogre
  4381 | D:4      | Killed an ogre
  4381 | D:4      | Reached XP level 6. HP: 32/32 MP: 13/17
  4622 | D:4      | Reached skill level 7 in Spellcasting
  4622 | D:4      | Reached XP level 7. HP: 26/36 MP: 8/19
  4774 | D:4      | Got a masterwork ring mail
  4851 | D:4      | Noticed a hippogriff
  4863 | D:4      | Killed a hippogriff
  4863 | D:4      | Reached skill level 8 in Spellcasting
  4903 | D:4      | Learned a level 4 spell: Petrify
  4909 | D:4      | Learned a level 5 spell: Lee's Rapid Deconstruction
  5056 | D:4      | Found a glowing golden altar of the Shining One.
  5070 | D:4      | Found a shimmering altar of Xom.
  5080 | D:4      | Reached skill level 1 in Conjurations
  5701 | D:5      | Entered Level 5 of the Dungeon
  5701 | D:5      | Found a staircase to the Ecumenical Temple.
  5717 | Temple   | Entered the Ecumenical Temple
  5899 | D:5      | Reached skill level 9 in Spellcasting
  5925 | D:5      | Reached XP level 8. HP: 21/41 MP: 8/23
  6373 | D:5      | Found a radiant altar of Vehumet.
  6403 | D:5      | Became a worshipper of Vehumet
  6591 | D:5      | Identified the +1 ring mail of Gravity {rC+} (You found it
                  | on level 4 of the Dungeon)
  6648 | D:6      | Noticed Maggie
  7115 | D:6      | Killed Maggie
  7115 | D:6      | Killed from afar by Maggie

Illustrated notes

Levels and vault maps discovered:
D:1:      dpeg_arrival_rooms_b, layout_basic, minmay_tetromino_s2
D:2:      layout_loops_cross, old_standard_altar, zin_treasury,
          lemuel_round_altar
D:3:      layout_basic, lemuel_round_altar, serial_bayou_ford_a, chequers_garden
D:4:      layout_loops_corners, old_standard_altar, led_xom_imps
D:5:      layout_rooms, kennysheep_mini_moat, minmay_temple_entry_mist,
          first_ration
D:6:      layout_gridville, kennysheep_little_box, serial_bayou_crossing,
          uniq_maggie
Temple:   kb_corrupted_temple

Skill      XL: |  1  2  3  4  5  6  7  8 |
---------------+-------------------------+-----
Stealth        | 3 |  3.0
Dodging        | 3 |  3.0
Earth Magic    | 4 5 6 7 8 |  8.1
Spellcasting   | 4 5 6 7 9 |  9.8
Conjurations   | 1 2 |  2.0
Transmutations | |  1.1

Action                   |  1- 3 |  4- 6 |  7- 9 || total
-------------------------+-------+-------+-------++-------
Melee: Unarmed           |     7 |       |       ||     7
       Hand axe          |    58 |    84 |    39 ||   181
 Cast: Sandblast         |    32 |    34 |    38 ||   104
       Stone Arrow       |       |     5 |    33 ||    38
       Lee's Rapid Decon |       |       |     5 ||     5
       Petrify           |       |       |     4 ||     4
  Use: Scroll            |       |       |     3 ||     3
       Potion            |       |       |     3 ||     3
 Stab: Sleeping          |    13 |     7 |     2 ||    22
  Eat: Chunk             |     3 |     5 |     8 ||    16
       Ration            |       |     1 |       ||     1
Armor: Robe              |    13 |    16 |    12 ||    41
Dodge: Dodged            |    58 |    58 |    33 ||   149
Block: Other             |       |    11 |    13 ||    24
       Reflection        |       |     1 |       ||     1
